Map: Cactus Valley LE (Void)

Players

AgCl

  • Race: Protoss Protoss

DayJ - Winner!

  • Race: Terran Terran

VOD

Have the link to the VOD?

Description

Time

  • Played on: May 1, 2015, 7:36 p.m.
  • Length: 6:06
Show
View Real Time Build Order
Export as new Build Order

AgCl Protoss 

Build Orders:  

Get SALT Encoding   

  12  0:04  Probe  
  13  0:28  Pylon  
  13  0:34  Probe  
  14  0:48  Gateway  
  14  0:50  Probe  
  15  1:03  Probe  
  16  1:12  Assimilator  
  16  1:15  Probe, Assimilator  
  17  1:27  Probe (Chrono Boost)  
  18  1:39  Probe (Chrono Boost)  
  20  1:47  Probe (Chrono Boost)  
  20  1:56  Probe (Chrono Boost)  
  20  1:57  Nexus  
  21  2:08  Cybernetics Core, Probe (Chrono Boost)  
  22  2:14  Pylon  
  22  2:50  Mothership Core (Chrono Boost)  
  24  2:57  Nexus  
  24  2:58  Warp Gate (Chrono Boost)  
  25  3:07  Probe (Chrono Boost)  
  25  3:09  Probe (Chrono Boost)  
  28  3:20  Probe (Chrono Boost), Stargate  
  28  3:21  Probe (Chrono Boost)  
  29  3:30  Probe (Chrono Boost)  
  29  3:32  Probe (Chrono Boost)  
  30  3:37  Probe (Chrono Boost)  
  30  3:38  Pylon  
  30  3:39  Probe (Chrono Boost)  
  33  3:49  Probe (Chrono Boost)  
  33  3:50  Probe (Chrono Boost)  
  35  3:56  Probe (Chrono Boost)  
  35  3:58  Probe (Chrono Boost)  
  36  4:04  Probe  
  36  4:07  Oracle  
  36  4:08  Probe  
  41  4:13  Probe (Chrono Boost)  
  43  4:17  Probe (Chrono Boost)  
  43  4:19  Pylon  
  43  4:21  Probe (Chrono Boost)  
  45  4:27  Assimilator  
  45  4:29  Probe (Chrono Boost)  
  45  4:30  Probe (Chrono Boost)  
  47  4:31  Probe (Chrono Boost)  
  47  4:36  Probe x2 (Chrono Boost), Pylon  
  50  4:41  Probe (Chrono Boost)  
  50  4:46  Assimilator  
  50  4:48  Probe (Chrono Boost)  
  50  4:51  Probe (Chrono Boost)  
  53  4:53  Probe (Chrono Boost)  
  53  4:56  Probe (Chrono Boost)  
  53  4:57  Assimilator  
  55  5:02  Probe (Chrono Boost)  
  55  5:03  Probe (Chrono Boost)  
  57  5:09  Probe (Chrono Boost)  
  57  5:10  Probe (Chrono Boost)  
  57  5:12  Probe (Chrono Boost)  
  51  5:19  Probe (Chrono Boost)  
  51  5:22  Probe (Chrono Boost)  
  51  5:28  Probe (Chrono Boost)  
  53  5:30  Probe (Chrono Boost)  
  53  5:32  Probe (Chrono Boost)  
  55  5:38  Probe (Chrono Boost)  
  55  5:40  Probe (Chrono Boost)  
  55  5:42  Probe (Chrono Boost)  
  57  5:46  Probe (Chrono Boost), Forge  
  57  5:47  Fleet Beacon  
  60  5:50  Probe (Chrono Boost)  
  60  5:51  Probe (Chrono Boost)  
  60  5:52  Probe (Chrono Boost)  
  61  6:02  Assimilator  
Show
View Real Time Build Order
Export as new Build Order

DayJ Terran - Winner!

Build Orders: Command Center First (CC) 

Get SALT Encoding   

  12  0:02  SCV  
  13  0:14  SCV  
  13  0:18  Supply Depot  
  14  0:26  SCV  
  15  0:39  SCV  
  16  0:51  SCV  
  17  1:02  Command Center  
  17  1:06  SCV  
  18  1:13  Barracks  
  18  1:18  SCV  
  19  1:27  Barracks  
  19  1:30  SCV  
  20  1:40  Barracks  
  20  1:44  SCV  
  22  2:02  Marine, Orbital Command  
  22  2:14  Orbital Command  
  22  2:16  Marine  
  22  2:20  Marine  
  24  2:28  SCV  
  24  2:29  Marine  
  25  2:33  Marine  
  25  2:36  Bunker  
  27  2:38  Marine  
  27  2:40  SCV  
  27  2:41  SCV  
  30  2:47  Marine  
  30  2:50  Refinery  
  31  2:53  SCV, Refinery  
  31  2:54  SCV  
  31  2:56  Marine  
  31  2:57  Marine  
  35  3:06  SCV  
  35  3:07  Supply Depot  
  35  3:09  SCV  
  37  3:14  Marine  
  38  3:27  Supply Depot  
  38  3:29  SCV x2, Barracks Tech Lab  
  40  3:34  Refinery  
  40  3:35  Barracks Tech Lab, Refinery  
  40  3:37  Barracks Reactor  
  40  3:41  SCV x2  
  42  3:42  Engineering Bay  
  42  3:43  Engineering Bay  
  42  3:49  Supply Depot  
  42  3:51  Marine  
  42  3:53  SCV x2  
  45  3:59  Marine  
  46  4:06  SCV  
  46  4:07  SCV  
  46  4:09  Marine  
  48  4:10  Combat Shields  
  48  4:18  SCV  
  48  4:19  SCV  
  50  4:26  Marine x3  
  50  4:30  SCV  
  54  4:31  SCV  
  54  4:32  Factory  
  54  4:34  Supply Depot  
  55  4:42  SCV  
  55  4:43  SCV  
  55  4:44  Missile Turret  
  57  4:53  Missile Turret  
  57  4:56  SCV  
  58  5:02  Bunker  
  58  5:03  Marine x2  
  58  5:04  Marine  
  61  5:08  SCV  
  61  5:15  Marine  
  61  5:20  SCV  
  61  5:21  Marine x3  
  59  5:38  Marine  
  59  5:39  Marine  
  59  5:42  Barracks Tech Lab  
  59  5:43  SCV, Missile Turret  
  59  5:45  SCV  
  60  5:54  Factory Reactor  
  60  5:56  Starport  
  62  6:02  Armory  
  62  6:03  Barracks  
  63  6:04  Barracks  
Tags
 
Add a new tag
Caveats
  • Supply blocks, unpowered buildings, or Contaminate may cause inaccurate times.
  • Supply counts are checked every 10 seconds.